 Dungeon Crawl Stone Soup version 0.32-a0-450-g080537f31e (webtiles) character file.

Game seed: 647483941908803224

357 Strat the Chopper (level 6, -8/55 HPs)
             Began as a Mountain Dwarf Fighter on Feb 23, 2024.
             Mangled by an ogre
             ... wielding a +0 giant club
              (22 damage)
             ... on level 4 of the Dungeon.
             The game lasted 00:04:10 (3951 turns).

Strat the Chopper (Mountain Dwarf Fighter)          Turns: 3951, Time: 00:04:10

Health: -8/55      AC: 11    Str: 20    XL:     6   Next: 37%
Magic:  6/6        EV:  9    Int:  9    God:
Gold:   225        SH:  4    Dex:  9    Spells: 5/5 levels left

rFire   . . .        a - +0 war axe
rCold   . . .        c - +0 buckler
rNeg    . . .        b - +0 scale mail
rPois   .            j - +0 helmet
rElec   .            (no cloak)
rCorr   .            (no gloves)
SInv    .            k - +2 pair of boots
Will    .....        (no amulet) Stlth
                     (no ring)
HPRegen 0.29/turn    (no ring)
MPRegen 0.10/turn

%: no passive effects
@: no status effects
A: runic magic, artefact enchanting
a: no special abilities


You were on level 4 of the Dungeon.
You visited 1 branch of the dungeon, and saw 4 of its levels.

You collected 225 gold pieces.

Inventory:

Hand Weapons
 a - a +0 war axe (weapon)
Missiles
 e - 7 poisoned darts (quivered)
 g - 2 javelins
 A - a throwing net
Armour
 b - a +0 scale mail (worn)
 c - a +0 buckler (worn)
 j - a +0 helmet (worn)
 k - a +2 pair of boots (worn)
Scrolls
 i - a scroll of immolation {unknown}
 l - a scroll of acquirement {unknown}
 m - a scroll of fog {unknown}
 o - 5 scrolls of fear {unknown}
 s - a scroll of enchant armour {unknown}
 t - a scroll of teleportation {unknown}
 u - a scroll of enchant weapon {unknown}
 v - a scroll of identify {unknown}
 w - a scroll of silence {unknown}
 x - a scroll of amnesia {unknown}
 y - a scroll of poison {unknown}
 B - a scroll of revelation {unknown}
Potions
 f - a potion of invisibility {unknown}
 h - 2 potions of ambrosia {unknown}
 n - 3 potions of haste {unknown}
 p - a potion of enlightenment {unknown}
 q - a potion of curing {unknown}
 r - a potion of lignification {unknown}
 z - a potion of cancellation {unknown}


   Skills:
 + Level 4.8 Fighting
 * Level 6.1 Axes
 + Level 4.8 Armour
 - Level 3.2 Shields


You had 5 spell levels left.
You didn't know any spells.
Your spell library was empty.

Dungeon Overview and Level Annotations

Branches:
Dungeon (4/15)
 Temple: D:4-7

Altars:
Dithmenos
Ru
Sif Muna
Trog


Innate Abilities, Weirdness & Mutations

Your spellcasting is much less encumbered by armour.
You can use scrolls of enchantment on lesser artefacts.


Message History

There is an open door here.
Found a stone staircase leading down.
You open the door.
There is an open door here.
There is an open door here.
There is an open door here.
You open the large door.
An endoplasm and an ogre come into view.
The ogre shouts!
Found a granite ring.
Found a lumpy puce potion.
The endoplasm freezes you.
You are frozen.
There is a large open door here.
You slash the endoplasm!
You kill the endoplasm!
You aren't carrying any items that you can evoke.
Okay, then.
Okay, then.
Throw: 8 darts (poison)
Press: ? - help, Q - select action, (/) - cycle Shift-Dir - straight line, f - ogre
Aim: an ogre, wielding a +0 giant club (70% to hit)
You throw a poisoned dart.
The poisoned dart barely misses the ogre.
Unknown command.
You barely miss the ogre. The ogre barely misses you.
You completely miss the ogre. The ogre hits you with a +0 giant club!
You closely miss the ogre. You slash the ogre!
The ogre is heavily wounded.
The ogre hits you with a +0 giant club!!
Ouch! That really hurt!
* * * LOW HITPOINT WARNING * * *
You slash the ogre!
The ogre is almost dead.
The ogre barely misses you.
You closely miss the ogre.
The ogre is almost dead.
The ogre hits you with a +0 giant club!!
You die...

###.P.PPP.P
#...P......
#.#.P.._...
#.#.P......
##########...P.PPP.P
#..........#........
#.##########...PP...
###.##########........
#....@O....(####.#####
#.#.######''# #.#
#.#.# #........#.#
#.#.###!.......#+##
#.#...#..ß##ß..#..##
#.#####..# #..#...##
#.#####.. ..#....##
#.....#.= ..#......
####..#.. .#..[...


You could see an ogre.

Vanquished Creatures
  An ogre (D:4)
  A hound (D:4)
  A jelly (D:4)
  An orc priest (D:4)
  2 iguanas (D:4)
  An orc wizard (D:4)
  4 adders
  3 dart slugs
  3 orcs (D:4)
  5 endoplasms
  2 giant cockroaches
  7 goblins
  5 hobgoblins
  5 quokkas
  4 ball pythons
  4 bats
  3 frilled lizards (D:1)
  9 kobolds
  7 rats
68 creatures vanquished.

Notes
Turn   | Place    | Note
-------+----------+-------------------------------------------
     0 | D:1      | Strat the Mountain Dwarf Fighter began the quest for the
                  | Orb.
     0 | D:1      | Reached XP level 1. HP: 19/19 MP: 1/1
    90 | D:1      | Reached skill level 3 in Axes
    90 | D:1      | Reached XP level 2. HP: 22/26 MP: 2/2
   320 | D:1      | Found a faded altar of an unknown god.
   408 | D:2      | Reached XP level 3. HP: 33/33 MP: 3/3
   664 | D:2      | Reached skill level 4 in Axes
   998 | D:2      | Reached XP level 4. HP: 34/40 MP: 4/4
  1520 | D:3      | Found a sacrificial altar of Ru.
  2619 | D:4      | Found a shimmering blue altar of Sif Muna.
  2673 | D:4      | Reached XP level 5. HP: 44/46 MP: 5/5
  2870 | D:4      | Noticed an ogre
  2903 | D:4      | Killed an ogre
  2904 | D:4      | Reached skill level 5 in Axes
  3083 | D:4      | Found a shadowy altar of Dithmenos.
  3111 | D:4      | Reached XP level 6. HP: 38/53 MP: 6/6
  3542 | D:4      | Reached skill level 6 in Axes
  3710 | D:4      | Found a bloodstained altar of Trog.
  3951 | D:4      | Mangled by an ogre

Illustrated notes

Levels and vault maps discovered:
D:1:      scummos_arrival_hexagon, layout_rooms,
          chequers_ecumenical_altar_island
D:2:      layout_loops_corners
D:3:      layout_basic, mainiacjoe_overflow_concentric_impassable,
          nrook_mini_backslash, chequers_serial_rivers_room_a,
          chequers_serial_rivers_micro_b
D:4:      layout_loops_corners, mainiacjoe_overflow_alcove_4,
          mainiacjoe_overflow_cross_hatched, nicolae_dithmenos_shadow_blocks,
          kennysheep_generic_room_6

Skill      XL: |  1  2  3  4  5  6 |
---------------+-------------------+-----
Axes           | 3 4 5 6 |  6.1
Fighting       | 4 |  4.8
Armour         | 4 |  4.8
Shields        | |  3.2

Action                     |  1- 3 |  4- 6 || total
---------------------------+-------+-------++-------
  Melee: War axe           |   120 |   132 ||   252
  Throw: Dart              |       |     1 ||     1
    Use: Potion            |       |     1 ||     1
 Armour: Scale mail        |    89 |   118 ||   207
  Dodge: Dodged            |    58 |    60 ||   118
  Block: Buckler           |    25 |    28 ||    53

Table legend: (Time is in decaauts)
 A = Elapsed time spent in this place.
 B = Non-inter-level travel time spent in this place.
 C = Inter-level travel time spent in this place.
 D = Time resting spent in this place.
 E = Time spent auto-exploring this place.
 F = Levels seen in this place.
 G = Mean time per level.
                   A        B        C        D        E       F      G
               +--------+--------+--------+--------+--------+-----+--------+
         Total |   4036 |   3934 |    102 |    146 |   3140 |   4 | 1009.0 |
       Dungeon |   4036 |   3934 |    102 |    146 |   3140 |   4 | 1009.0 |
               +--------+--------+--------+--------+--------+-----+--------+

Top non-repeatable levels by time:
     D:4: 1421 daAuts
     D:2: 1108 daAuts
     D:3: 1079 daAuts
     D:1: 427 daAuts
